 Dungeon Crawl Stone Soup version 0.29.0-4-gdea44cf6ec (webtiles) character file.

Game seed: 3744001920902984359

88 qw the Ruffian (level 4, -1/35 HPs)
             Began as a Ghoul Fire Elementalist on Aug 29, 2022.
             Killed by divine providence
             ... invoked by an orc priest
              (11 damage)
             ... on level 3 of the Dungeon.
             The game lasted 00:02:17 (2985 turns).

qw the Ruffian (Ghoul Fire Elementalist)            Turns: 2985, Time: 00:02:17

Health: -1/35      AC:  3    Str: 19    XL:     4   Next: 53%
Magic:  5/5        EV: 11    Int: 10    God:
Gold:   100        SH:  0    Dex:  9    Spells: 5/6 levels left

rFire   . . .      SeeInvis .     - Unarmed
rCold   + . .      Faith    .   (no shield)
rNeg    + + +      Spirit   .   f - +0 leather armour
rPois   inf        Reflect  .   (no helmet)
rElec   .          Harm     .   (no cloak)
rCorr   .          Rampage  .   (no gloves)
Will    .....                   (no boots)
Stlth   +.........              (no amulet)
HPRegen 0.00/turn               e - +6 ring of strength
MPRegen 0.09/turn               (no ring)

@: inhibited regen
A: claws 1, cold resistance 1, negative energy resistance 3, inhibited
regeneration, torment resistance 2, devour on kill
a: no special abilities


You were on level 3 of the Dungeon.
You visited 1 branch of the dungeon, and saw 3 of its levels.

You collected 100 gold pieces.


Innate Abilities, Weirdness & Mutations

You are immune to poison.
You have sharp fingernails.
Your flesh is cold resistant. (rC+)
You are immune to negative energy. (rN+++)
You do not regenerate when monsters are visible.
You are immune to unholy pain and torment.
You thrive by killing the living.


   Skills:
 + Level 1.3 Fighting
 - Level 1.7 Dodging
 - Level 2.1 Stealth
 - Level 4.1 Unarmed Combat
 - Level 1.7 Spellcasting
 - Level 0.7 Conjurations
 - Level 2.4 Fire Magic


You had 5 spell levels left.
You knew the following spells:

 Your Spells              Type           Power      Damage    Failure   Level
a - Foxfire               Conj/Fire      16%        2x1d4     21%         1

Your spell library contained the following spells:

 Spells                   Type           Power      Damage    Failure   Level
 Scorch                   Fire           10%        2d6       22%         2
 Conjure Flame            Conj/Fire      4%         6-21      52%         3
 Inner Flame              Hex/Fire       3%         N/A       56%         3
 Flame Wave               Conj/Fire      4%         2d5       89%         4

Inventory:

Armour
 f - a +0 leather armour (worn)
Jewellery
 e - a +6 ring of strength (left claw)
Potions
 c - a potion of brilliance {unknown}
 d - a potion of might {unknown}
 g - a potion of flight {unknown}

Dungeon Overview and Level Annotations

Branches:
Dungeon (3/15)

Altars:

Annotations:
D:2 1 runed translucent door, Crazy Yiuf


Message History

The orc wizard is moderately wounded.
The orc wizard gestures at you while chanting.
You are confused.
You claw the orc wizard!
The orc wizard is severely wounded.
The orc priest calls upon Beogh to heal the orc wizard.
The orc wizard is healed somewhat.
The orc wizard hits you with a +0 dagger.
You scratch the orc wizard.
The orc wizard is heavily wounded.
The orc wizard hits you but does no damage.
You bump into the rock wall.
The orc wizard hits you with a +0 dagger.
The orc wizard casts a spell at you. The puff of flame hits you.
You're too confused to move!
The orc priest invokes the aid of Beogh against you.
Beogh smites you!
You barely miss the orc wizard.
The orc wizard is heavily wounded.
You feel less confused.
The orc priest casts a cantrip, but nothing happens.
The endoplasm closely misses you.
You scratch the orc wizard.
The orc wizard is almost dead.
The orc wizard closely misses you. The endoplasm freezes you.
You are frozen.
You resist. The orc barely misses you.
You scratch the orc wizard.
You kill the orc wizard!
The orc misses you. The endoplasm freezes you.
You are frozen.
You resist.
Your Unarmed Combat skill increases to level 4!
You scratch the orc.
The orc is heavily wounded.
The orc misses you.
The orc priest calls down the wrath of Beogh upon you.
Beogh smites you!
You die...

#....# #....#
#....# ##
##....##...
.........
#.o...#
#)J...#...
#@oo...#
#.##..#... #)#
.# >. #.# .. #.
#.# .. #.
#####.# .. #
#.###.....# .
##.##.#...#####
#.......###


You could see an orc priest, 2 orcs and an endoplasm.

Vanquished Creatures
  An orc wizard (D:3)
  3 dart slugs (D:1)
  An orc (D:3)
  3 ball pythons
  8 bats
  4 endoplasms
  4 giant cockroaches
  2 goblins
  6 hobgoblins
  3 jackals (D:2)
  6 kobolds
  2 quokkas
  3 frilled lizards (D:1)
  4 rats
50 creatures vanquished.

Notes
Turn   | Place    | Note
-------+----------+-------------------------------------------
     0 | D:1      | qw the Ghoul Fire Elementalist began the quest for the Orb.
     0 | D:1      | Reached XP level 1. HP: 14/14 MP: 2/2
     0 | D:1      | 0 ||| qw: Version: 0.1-a-90-g952f4b7
     0 | D:1      | 0 ||| qw: Game counter: 3767
     0 | D:1      | 0 ||| qw: Always use a shield: true
     0 | D:1      | 0 ||| qw: God list: Okawaru
     0 | D:1      | 0 ||| qw: Allow faded altars: false
     0 | D:1      | 0 ||| qw: Do Orc after D:15 true
     0 | D:1      | 0 ||| qw: Do second Lair branch before Depths: true
     0 | D:1      | 0 ||| qw: Lair rune preference: random
     0 | D:1      | 0 ||| qw: Plans: Normal
     0 | D:1      | 0 ||| PLANNING D:1-11
   151 | D:1      | 151 ||| Stepping ~*~*~tactically~*~*~ (stealth).
   161 | D:1      | Reached skill level 1 in Unarmed Combat
   255 | D:1      | 255 ||| Stepping ~*~*~tactically~*~*~ (stealth).
   260 | D:1      | 260 ||| Stepping ~*~*~tactically~*~*~ (stealth).
   262 | D:1      | 262 ||| Stepping ~*~*~tactically~*~*~ (stealth).
   264 | D:1      | 264 ||| Stepping ~*~*~tactically~*~*~ (stealth).
   270 | D:1      | 270 ||| Stepping ~*~*~tactically~*~*~ (stealth).
   278 | D:1      | Reached skill level 1 in Fighting
   278 | D:1      | Reached XP level 2. HP: 19/23 MP: 3/3
   380 | D:1      | HP: 5/23 [quokka (1)]
   932 | D:1      | 932 ||| Stepping ~*~*~tactically~*~*~ (stealth).
   934 | D:1      | 934 ||| Stepping ~*~*~tactically~*~*~ (stealth).
  1007 | D:1      | Reached skill level 2 in Unarmed Combat
  1180 | D:1      | Reached XP level 3. HP: 28/28 MP: 4/4
  1218 | D:1      | 1218 ||| Stepping ~*~*~tactically~*~*~ (stealth).
  1220 | D:1      | 1220 ||| Stepping ~*~*~tactically~*~*~ (stealth).
  1222 | D:1      | 1222 ||| Stepping ~*~*~tactically~*~*~ (stealth).
  1223 | D:1      | 1223 ||| Stepping ~*~*~tactically~*~*~ (stealth).
  1225 | D:1      | 1225 ||| Stepping ~*~*~tactically~*~*~ (stealth).
  1227 | D:1      | 1227 ||| Stepping ~*~*~tactically~*~*~ (stealth).
  1229 | D:1      | 1229 ||| Stepping ~*~*~tactically~*~*~ (stealth).
  1232 | D:1      | 1232 ||| Stepping ~*~*~tactically~*~*~ (stealth).
  1509 | D:1      | 1509 ||| Stepping ~*~*~tactically~*~*~ (stealth).
  1754 | D:1      | 1754 ||| UPGRADING to +6 ring of strength.
  1755 | D:1      | 1755 ||| DRINKING 2 brown potions.
  1856 | D:1      | 1856 ||| DROPPING potion of magic.
  1857 | D:1      | 1857 ||| DROPPING potion of ambrosia.
  2018 | D:2      | Reached skill level 3 in Unarmed Combat
  2318 | D:2      | Found a runed translucent door.
  2319 | D:2      | Noticed Crazy Yiuf
  2614 | D:2      | Found a faded altar of an unknown god.
  2673 | D:2      | Reached XP level 4. HP: 35/35 MP: 5/5
  2894 | D:2      | 2894 ||| UPGRADING to +0 leather armour.
  2904 | D:2      | 2904 ||| DROPPING +0 robe.
  2905 | D:2      | 2905 ||| DROPPING amulet of faith.
  2906 | D:2      | 2906 ||| READING scroll labelled IMIHYU GINIDI.
  2956 | D:3      | 2956 ||| Stepping ~*~*~tactically~*~*~ (stealth).
  2973 | D:3      | 2973 ||| Stepping ~*~*~tactically~*~*~ (hiding).
  2985 | D:3      | Reached skill level 4 in Unarmed Combat
  2985 | D:3      | Killed from afar by an orc priest

Levels and vault maps discovered:
D:1:      mainiacjoe_arrival_reflecting_pool, layout_basic
D:2:      layout_loops_corners, shapermc_ecumenical_altar_mp_urbaneastern,
          basic_altar, uniq_crazy_yiuf_cottage
D:3:      layout_rooms, minivault_26, minmay_misc_feat_hallway,
          minmay_distorted, uniq_jessica

Skill      XL: |  1  2  3  4 |
---------------+-------------+-----
Unarmed Combat | 1 2 3 4 |  4.1
Fighting       | 1 |  1.3
Dodging        | |  1.7
Stealth        | |  2.1
Spellcasting   | |  1.7
Conjurations   | |  0.7
Fire Magic     | |  2.4

Action                   |  1- 3 |  4- 6 || total
-------------------------+-------+-------++-------
Melee: Unarmed           |   153 |    16 ||   169
       Punch             |     3 |       ||     3
  Use: Potion            |     1 |       ||     1
       Scroll            |       |     1 ||     1
 Stab: Distracted        |     1 |       ||     1
Armor: Robe              |    27 |     1 ||    28
       Leather armour    |       |     2 ||     2
Dodge: Dodged            |    65 |     9 ||    74

Table legend:
 A = Non-vault XP
 B = Vault XP
 C = Vault XP percentage of total XP
 D = Non-vault monster count
 E = Vault monster count
 F = Vault count percentage of total count
                 A         B        C        D         E       F
            +---------+---------+-------+---------+---------+-------
      Total |     122 |       4 |   3.2 |      48 |       2 |   4.0
            +---------+---------+-------+---------+---------+-------
        D:1 |      51 |       0 |   0.0 |      27 |       0 |   0.0
        D:2 |      33 |       0 |   0.0 |      19 |       0 |   0.0
        D:3 |      38 |       4 |   9.5 |       2 |       2 |  50.0
            +---------+---------+-------+---------+---------+-------
